 Dungeon Crawl Stone Soup version 0.18-a0-1120-g03bd624 (webtiles) character file.

32055 ThermosAquaticus the Black Belt (level 13, 0/92 HPs)
             Began as an Octopode Abyssal Knight on Jan 17, 2016.
             Was the Champion of Lugonu.
             Slain by an orc knight
             ... wielding a +0 battleaxe
              (24 damage)
             ... on level 2 of the Orcish Mines.
             The game lasted 01:27:40 (29227 turns).

ThermosAquaticus the Black Belt (OpAK)             Turns: 29227, Time: 01:27:41

Health: 0/92       AC:  3    Str: 11    XL:     13   Next: 62%
Magic:  14/14      EV: 20    Int: 18    God:    Lugonu [******]
Gold:   1537       SH:  5    Dex: 15    Spells: 0 memorised, 12 levels left

rFire  + + .     SeeInvis +       - Unarmed
rCold  + . .     Gourm    .     y - +0 buckler
rNeg   . . .     Faith    .     J - +2 hat {SInv}
rPois  .         Spirit   .     (no amulet)
rElec  .         Dismiss  .     q - ring of protection from cold
rCorr  .         Reflect  .     b - ring of protection from fire
SustAt .         Harm     .     (no ring)
MR     .....                    (no ring)
Stlth  +++++.....               (no ring)
                                (no ring)
                                (no ring)
                                (no ring)

@: not resistant to hostile enchantments, quite stealthy
A: almost no armour, amphibious, 8 rings, constrict 8, camouflage 1, clever 1,
fire resistance 1, low mp 1, mutation resistance 1, gelatinous body 1
a: Depart the Abyss, Bend Space, Banish, Corrupt, Enter the Abyss, Brand Weapon
With Distortion, Renounce Religion


You were on level 2 of the Orcish Mines.
You worshipped Lugonu.
Lugonu was exalted by your worship.
You were not hungry.

You visited 3 branches of the dungeon, and saw 16 of its levels.
You visited the Abyss 1 time.

You collected 1537 gold pieces.

Inventory:

Hand Weapons
 k - a +0 whip of flaming
 H - a +1 blowgun
Missiles
 s - 8 needles of confusion
 B - 91 poisoned needles
 C - 4 throwing nets
 E - 37 tomahawks (quivered)
Armour
 y - a +0 buckler (worn)
 J - a +2 hat of see invisible (worn)
 O - a +2 hat
Jewellery
 b - a ring of protection from fire (right tentacle)
 q - a ring of protection from cold (left tentacle)
 t - an uncursed ring of ice
Wands
 d - a wand of disintegration (7/24)
 i - a wand of draining (11/15)
 w - a wand of flame (26/48)
 A - a wand of hasting (6/9)
 D - a wand of fireball (1/15)
 G - a wand of frost (14/48)
 I - a wand of flame (22/48)
 K - a wand of draining (6/15)
Scrolls
 c - 8 scrolls of amnesia
 g - 7 scrolls of remove curse
 h - a scroll of enchant weapon
 p - 2 scrolls of immolation
 r - 3 scrolls of fog
 u - 2 scrolls of magic mapping {unknown}
 v - 4 scrolls of teleportation
 x - a scroll of random uselessness
 M - 2 scrolls of noise {unknown}
 P - 5 scrolls of identify
Potions
 e - a potion of agility
 f - 2 potions of brilliance
 j - a potion of resistance
 o - 7 potions of flight
 F - 2 potions of heal wounds
Books
 n - a book of Debilitation

   Spells                             Type                      Level
   a - Corona                         Hexes                        1
   b - Slow                           Hexes                        2
   c - Gell's Gravitas                Hexes/Translocation          3
   d - Inner Flame                    Hexes/Fire                   3
   e - Cause Fear                     Hexes                        4
   f - Leda's Liquefaction            Hexes/Earth                  4
Comestibles
 a - 10 bread rations
 l - 4 meat rations
 m - 2 beef jerkies
 z - 5 fruits
 L - 2 chunks of flesh


   Skills:
 + Level 10.0 Fighting
 - Level 11.6 Dodging
 - Level 7.0 Stealth
 - Level 5.3 Shields
 - Level 15.0 Unarmed Combat
 - Level 4.6 Invocations


You had 12 spell levels left.
You didn't know any spells.

Dungeon Overview and Level Annotations

Branches:
Dungeon (12/15)            Temple (0/1) D:6            Lair (2/8) D:8
    Orc (2/2) D:12            Elf (0/3) Orc:2

Altars:
Cheibriados
Pakellas
Qazlal
Ru
Sif Muna
Trog

Shops:
D:8 [

Annotations:
D:6 exclusion: oklob plant
Abyss:1 Snorg


Innate Abilities, Weirdness & Mutations

You cannot wear most types of armour.
You are amphibious.
You can wear up to eight rings at the same time.
You can use your tentacles to constrict eight enemies at once.
Your skin changes colour to match your surroundings (Stealth).
Your rubbery body absorbs attacks (AC +1).
Your mind is acute. (Int +2)
Your flesh is heat resistant.
Your magical capacity is low (-10% MP).
You are somewhat resistant to further mutation.


Message History

The orc knight is heavily wounded.
You constrict the orc knight.
The orc knight hits you with an uncursed battleaxe!
* * * LOW HITPOINT WARNING * * *
You tentacle-slap the orc knight.
The orc knight is severely wounded.
You constrict the orc knight, but do no damage.
You tentacle-slap the orc knight.
The orc knight is severely wounded.
You constrict the orc knight, but do no damage.
The orc knight misses you.
You tentacle-slap the orc knight but do no damage.
The orc knight is severely wounded.
You constrict the orc knight. You tentacle-slap the orc knight.
You squeeze the orc knight, but do no damage.
The orc knight is severely wounded.
You constrict the orc knight, but do no damage.
The orc knight hits you with an uncursed battleaxe!!
You die...

.................#
..........(......#
............(....#
.............(...#
..............(##################
....)).......).)())[#............
..#.....#.....[..(.#.............
..†.))........).[..[)..#..#......
..#...).........@..#.............
..)#.)..........o..###....[......
.......).....[......##.........)[
........###......#.####....[).[)<
........# #...#.#.## #...).#..[.
.......## ##.......# ##.........
#.##...# #....#.## #......... ##
##... #.....## #......... ##.#
#......# ##........


You could see an orc knight.

Vanquished Creatures
  Gastronok (D:8)
  Maud (Orc:2)
  Harold (D:10)
  4 orc high priests (Orc:2)
  2 hill giants
  2 orc sorcerers
  An orc knight (Orc:2)
  A manticore (D:11)
  2 cyclopes (Orc:1)
  4 spiny frogs
  A centaur skeleton (D:10)
  4 trolls
  2 two-headed ogres
  10 blink frogs
  3 slime creatures (D:10)
  A spriggan (D:8)
  12 yaks
  4 hippogriffs
  A hungry ghost (D:8)
  Menkaure (D:7)
  16 wolves
  3 wargs
  8 porcupines
  Duvessa (D:7)
  2 water moccasins (Lair:1)
  3 sky beasts
  20 orc warriors
  A wasp (D:9)
  4 ice beasts
  3 phantoms
  An eye of draining (D:11)
  10 ogres
  8 centaurs
  9 crocodiles
  2 big kobolds
  13 giant frogs
  A gnoll sergeant (D:9)
  Dowan (D:7)
  5 scorpions
  2 wyvern skeletons
  4 killer bees (D:7)
  6 wights
  5 electric eels (D:9)
  A centaur zombie (D:11)
  2 wasp zombies
  9 crimson imps
  A quasit (D:8)
  A hound (D:9)
  20 orc priests
  3 giant frog zombies
  3 jellies
  5 giant frog skeletons
  12 worker ants
  11 orc wizards
  7 iguanas
  A hound skeleton (D:10)
  Robin (D:3)
  2 worker ant zombies
  10 gnolls
  9 adders
  27 river rats
  A shadow imp (D:6)
  4 oozes
  An adder zombie (D:5)
  An adder skeleton (D:8)
  A worm (D:5)
  4 giant geckos
  59 orcs
  2 giant cockroaches
  20 goblins
  10 hobgoblins
  4 jackals (D:4)
  11 kobolds
  10 quokkas
  3 ball pythons
  8 bats
  A giant gecko skeleton (D:4)
  2 giant gecko zombies
  A giant newt (D:4)
  2 quokka skeletons
  15 rats
  A fungus (Lair:2)
472 creatures vanquished.

Vanquished Creatures (others)
  A hydra (Lair:1)
  A centaur warrior (D:5)
  A deep elf knight (D:9)
  The ghost of BenSoosneb the Destroyer, a novice DsCj of Vehumet (D:8)
  2 wolves (Lair:1)
  2 orc warriors
  An ice beast (D:5)
  2 ogres
  14 fungi
  2 plants (Lair:2)
27 creatures vanquished.

Grand Total: 499 creatures vanquished

Notes
Turn   | Place    | Note
--------------------------------------------------------------
     0 | Abyss:1  | ThermosAquaticus the Octopode Abyssal Knight began the quest for the Orb.
     0 | Abyss:1  | Reached XP level 1. HP: 16/16 MP: 2/2
    35 | D:1      | Escaped the Abyss
   192 | D:1      | Reached XP level 2. HP: 19/21 MP: 3/3
   248 | D:1      | Reached * piety under Lugonu
   666 | D:2      | Reached XP level 3. HP: 21/26 MP: 4/4
   890 | D:2      | Reached skill level 4 in Unarmed Combat
  1153 | D:2      | Reached XP level 4. HP: 26/31 MP: 5/5
  1351 | D:2      | Reached ** piety under Lugonu
  2471 | D:3      | Found a deep blue altar of Sif Muna.
  2530 | D:3      | Reached skill level 5 in Unarmed Combat
  2534 | D:3      | Reached XP level 5. HP: 36/36 MP: 6/6
  3049 | D:4      | Noticed a phantom
  3051 | D:4      | Noticed Robin
  3726 | D:4      | Reached skill level 6 in Unarmed Combat
  3726 | D:4      | Reached XP level 6. HP: 17/42 MP: 7/7
  4128 | D:4      | Reached *** piety under Lugonu
  4692 | D:3      | Killed Robin
  5238 | D:5      | Entered Level 5 of the Dungeon
  5242 | D:5      | Reached skill level 7 in Unarmed Combat
  5322 | D:5      | Reached XP level 7. HP: 37/46 MP: 8/8
  6694 | D:5      | Reached skill level 8 in Unarmed Combat
  6716 | D:5      | Noticed a centaur warrior
  6716 | D:5      | Banished a centaur warrior
  6716 | D:5      | Reached XP level 8. HP: 52/52 MP: 9/11
  6741 | D:5      | Reached skill level 9 in Unarmed Combat
  7827 | D:6      | Found a snail-covered altar of Cheibriados.
  7827 | D:6      | Noticed an oklob plant
  8106 | D:6      | Gained mutation: Your mind is acute. (Int +2) [mutagenic meat]
  8107 | D:6      | Gained mutation: Your flesh is heat resistant. [mutagenic meat]
  8108 | D:6      | Gained mutation: Your magical capacity is low (-10% MP). [mutagenic meat]
  8109 | D:6      | Gained mutation: You are somewhat resistant to further mutation. [mutagenic meat]
  8200 | D:6      | Found a staircase to the Ecumenical Temple.
  8334 | D:7      | Found a stormy altar of Qazlal.
  8652 | D:7      | Reached skill level 10 in Unarmed Combat
  8652 | D:7      | Reached XP level 9. HP: 56/56 MP: 11/11
  8677 | D:7      | Noticed Dowan
  8678 | D:7      | Noticed Duvessa
  8694 | D:7      | Killed Duvessa
  8705 | D:7      | Killed Dowan
  9419 | D:7      | Reached skill level 5 in Dodging
  9679 | D:7      | Noticed Menkaure
  9686 | D:7      | Killed Menkaure
 10301 | D:7      | Reached skill level 11 in Unarmed Combat
 11221 | D:8      | Noticed BenSoosneb's ghost (novice DsCj)
 11914 | D:8      | Banished BenSoosneb's ghost
 12114 | D:8      | Reached XP level 10. HP: 45/64 MP: 12/12
 12458 | D:8      | Reached skill level 5 in Fighting
 12595 | D:8      | Found a sacrificial altar of Ru.
 12596 | D:8      | Found Uzxyled's Armour Shoppe.
 12751 | D:8      | Reached skill level 1 in Stealth
 13019 | D:8      | Reached **** piety under Lugonu
 13048 | D:8      | Noticed Gastronok
 13154 | D:8      | Killed Gastronok
 13565 | D:8      | Found a staircase to the Lair.
 14300 | D:9      | Reached XP level 11. HP: 68/76 MP: 13/13
 14964 | Lair:1   | Entered Level 1 of the Lair of Beasts
 16524 | Lair:1   | Noticed an eight-headed hydra
 16549 | Lair:1   | Banished an eight-headed hydra
 17252 | Lair:1   | Reached skill level 12 in Unarmed Combat
 18584 | Lair:2   | Reached skill level 13 in Unarmed Combat
 18631 | Lair:2   | Reached skill level 10 in Dodging
 19008 | Lair:2   | Reached XP level 12. HP: 62/82 MP: 13/13
 20109 | Lair:1   | Reached ***** piety under Lugonu
 21404 | D:9      | Reached skill level 1 in Shields
 22550 | D:9      | Found an oddly glowing altar of Pakellas.
 22551 | D:9      | Noticed a deep elf knight
 22558 | D:9      | Killed a deep elf knight
 22585 | D:10     | Entered Level 10 of the Dungeon
 22696 | D:10     | Noticed Harold
 22758 | D:10     | Killed Harold
 22758 | D:10     | Reached skill level 5 in Shields
 25538 | D:11     | Reached XP level 13. HP: 90/90 MP: 14/14
 26114 | D:12     | Found a staircase to the Orcish Mines.
 26124 | Orc:1    | Entered Level 1 of the Orcish Mines
 26849 | Orc:1    | Reached skill level 14 in Unarmed Combat
 27092 | Orc:2    | Entered Level 2 of the Orcish Mines
 27092 | Orc:2    | Found a bloodstained altar of Trog.
 27103 | Orc:2    | Reached ****** piety under Lugonu
 27158 | Orc:2    | Noticed Maud
 27357 | Orc:2    | Noticed Snorg
 27393 | Orc:2    | Killed Maud
 27558 | Orc:2    | Banished Snorg
 28188 | Orc:1    | Paralysed by an orc sorcerer for 7 turns
 28662 | Orc:2    | Reached skill level 15 in Unarmed Combat
 29107 | Orc:2    | Found a staircase to the Elven Halls.
 29214 | Orc:2    | Reached skill level 10 in Fighting
 29227 | Orc:2    | Slain by an orc knight

Vault maps used:
D:1:      lightli_arrival_quake
D:2:      first_bread, hangedman_abyss_or_decor_lesser_grid, st_stairs_11
D:3:      overflow_temple_1_default
D:4:      minmay_surrounded, uniq_robin
D:5:      st_stairs_14
D:6:      temple_hall, lemuel_oklob_altar
D:7:      basic_altar, uniq_menkaure, uniq_duvessa
D:8:      overflow_temple_1_default, grunt_lair_entry_orc_guard_hut,
          serial_shops, shop, the_bakery, eino_tiny_chamber, uniq_gastronok
D:9:      gammafunk_pakellas_spire_experiment
D:10:     uniq_harold
D:12:     orc_0_dummy, serial_shops, shop
Lair:1:   grunt_megastairs_1, bh_autumn_forest_stairs
Orc:2:    st_orc_pillars, basic_altar, uniq_maud, uniq_snorg
Abyss:1:  abyss_greek_temple

Action                   |  1- 3 |  4- 6 |  7- 9 | 10-12 | 13-15 || total
-------------------------+-------+-------+-------+-------+-------++-------
Melee: Unarmed           |    22 |   123 |   262 |   690 |   278 ||  1375
       Whip              |    44 |    40 |       |       |       ||    84
 Fire: Blowgun           |       |       |       |   152 |    33 ||   185
Throw: Tomahawk          |       |     4 |    19 |    15 |     5 ||    43
Invok: Depart the Abyss  |     1 |       |       |       |       ||     1
       Banish            |       |       |     9 |     8 |     1 ||    18
       Bend Space        |       |       |       |     2 |       ||     2
Evoke: Wand              |       |       |     3 |       |       ||     3
  Use: Potion            |     3 |       |     1 |     9 |     1 ||    14
       Scroll            |       |       |    13 |     9 |       ||    22
 Stab: Sleeping          |     5 |     7 |     2 |    27 |     6 ||    47
       Distracted        |       |       |       |     7 |     2 ||     9
       Confused          |       |       |       |     1 |       ||     1
  Eat: Chunk             |     1 |    13 |    24 |    42 |    12 ||    92
       Pizza             |       |       |     1 |       |       ||     1
       Meat ration       |       |       |     1 |     1 |       ||     2
       Royal jelly       |       |       |     1 |       |       ||     1
       Beef jerky        |       |       |       |     1 |       ||     1
